 Dungeon Crawl Stone Soup version 0.29-a0-375-g5102b3be25 (webtiles) character file.

Game seed: 15368107215420732017

49 Antichthon the Shield-Bearer (level 3, -2/23 HPs)
             Began as a Gargoyle Fighter on May 4, 2022.
             Engulfed by a cloud of flame (20 damage)
             ... on level 2 of the Dungeon.
             The game lasted 00:01:52 (1473 turns).

Antichthon the Shield-Bearer (Gargoyle Fighter)     Turns: 1473, Time: 00:01:52

Health: -2/23      AC: 12    Str: 25    XL:     3   Next: 77%
Magic:  3/3        EV:  8    Int: 10    God:
Gold:   95         SH:  4    Dex:  9    Spells: 2/2 levels left

rFire   . . .      SeeInvis .   a - +2 whip (freeze)
rCold   . . .      Faith    .   c - +0 buckler
rNeg    + . .      Spirit   .   k - +0 chain mail
rPois   ∞          Reflect  .   (no helmet)
rElec   +          Harm     .   (no cloak)
rCorr   .          Rampage  .   (no gloves)
Will    .....                   (no boots)
Stlth   ..........              (no amulet)
HPRegen 0.07/turn               i - +6 ring of strength
MPRegen 0.08/turn               (no ring)

@: no status effects
A: sickness immunity, AC +3, negative energy resistance 1, electricity
resistance, torment resistance 1, petrification resistance
a: no special abilities


You were on level 2 of the Dungeon.
You visited 1 branch of the dungeon, and saw 2 of its levels.

You collected 95 gold pieces.

Inventory:

Hand Weapons
 a - a +2 whip of freezing (weapon)
Armour
 c - a +0 buckler (worn)
 k - a +0 chain mail (worn)
Jewellery
 i - a +6 ring of strength (left hand)
Scrolls
 e - 2 scrolls of teleportation
Potions
 d - a potion of might
 f - 2 potions of curing
 g - a potion of attraction {unknown}
 h - 2 potions of haste {unknown}


   Skills:
 * Level 3.6 Fighting
 * Level 2.5 Maces & Flails
 * Level 3.6 Armour
 * Level 0.4 Dodging
 * Level 3.7 Shields
 * Level 0.8 Invocations


You had 2 spell levels left.
You didn't know any spells.
Your spell library was empty.

Dungeon Overview and Level Annotations

Branches:
Dungeon (2/15)

Altars:


Innate Abilities, Weirdness & Mutations

You are immune to sickness and miasma.
Your stone body is resilient. (AC +3)
You are immune to poison.
You resist negative energy. (rN+)
You are resistant to electric shocks. (rElec)
You are resistant to unholy torment.
You are immune to petrification.


Message History

Found a stone staircase leading down.
Found a ring mail.
Found a spear.
A bat comes into view.
The bat hits you but does no damage.
A bat is nearby!
You miss the bat. The bat hits you but does no damage.
The bat barely misses you. The bat hits you.
You hit the bat. You freeze the bat.
You kill the bat!
Found a chain mail.
Found a whip.
Found 13 gold pieces.
You see here a +0 chain mail.
k - a +0 chain mail You start removing your armour.
You continue taking off your +0 scale mail. x4
You finish taking off your +0 scale mail.
You start putting on your armour.
You continue putting on your +0 chain mail. x5
You finish putting on your +0 chain mail.
Unknown command.
You drop a +0 scale mail.
b - a scroll labelled ENUPPESAAR
As you read the scroll labelled ENUPPESAAR, it crumbles to dust.
You hear a loud clanging noise!
It was a scroll of noise.
You hear a shout!
You hear a bark! x2
A bat comes into view.
As you read the scroll labelled HAVOATT QODU, it crumbles to dust.
The creatures around you are filled with an inner flame!
It was a scroll of immolation.
Unknown command.
A bat is nearby!
The bat hits you but does no damage.
You whack the bat! You freeze the bat.
The bat explodes!
The fiery explosion engulfs you.
You are engulfed in blazing flames.
Ouch! That really hurt!
You die...

#####.#.############.#....##
............................
....#.#.############.#....##
......#.######## ##.#....##
................ .........#
......#.############.#......
......#.#..........#.#......
...........§.§.....#.#......
.......[...@§§......[.......
...........§§§.....#.#####..
...................#. #..
###................# ###
..................
)...###.#.......... ....
#.#.......... .$.
#.#..........


There were no monsters in sight!

Vanquished Creatures
  An adder (D:2)
  A dart slug (D:2)
  6 ball pythons
  2 endoplasms
  4 giant cockroaches
  2 goblins
  3 hobgoblins
  2 quokkas (D:1)
  7 bats
  4 kobolds (D:1)
  5 rats
37 creatures vanquished.

Notes
Turn   | Place    | Note
-------+----------+-------------------------------------------
     0 | D:1      | Antichthon the Gargoyle Fighter began the quest for the
                  | Orb.
     0 | D:1      | Reached XP level 1. HP: 14/14 MP: 1/1
   216 | D:1      | Reached XP level 2. HP: 19/19 MP: 2/2
   756 | D:1      | Reached XP level 3. HP: 23/23 MP: 3/3
  1473 | D:2      | Engulfed by a cloud of flame

Illustrated notes

Levels and vault maps discovered:
D:1:      lightli_arrival_windingriver, layout_rooms, minmay_misc_feat_ornament
D:2:      layout_basic

Action                   || total
-------------------------++-------
Melee: Flail             ||    31
       Whip              ||    99
       Unarmed           ||     1
  Use: Scroll            ||     4
Armor: Scale mail        ||   113
       Chain mail        ||     1
Dodge: Dodged            ||    93
Block: Buckler           ||    36

Table legend: (Time is in decaauts)
 A = Elapsed time spent in this place.
 B = Non-inter-level travel time spent in this place.
 C = Inter-level travel time spent in this place.
 D = Time resting spent in this place.
 E = Time spent auto-exploring this place.
 F = Levels seen in this place.
 G = Mean time per level.
                   A        B        C        D        E       F      G
               +--------+--------+--------+--------+--------+-----+--------+
         Total |   1487 |   1479 |      8 |      0 |   1158 |   2 |  743.5 |
       Dungeon |   1487 |   1479 |      8 |      0 |   1158 |   2 |  743.5 |
               +--------+--------+--------+--------+--------+-----+--------+

Top non-repeatable levels by time:
     D:1: 978 daAuts
     D:2: 508 daAuts
